| TOP OF THE 1ST |
|
Erie SeaWolves batting - Pitching for Corpus Christi Hooks : RHP Antonio Escobosa
|
|
Pitching: RHP Antonio Escobosa
|
|
|
Batting: LHB Freddy Troncoso
|
0-0: Foul Ball, location: 2F 0-1: Called Strike 0-2: Foul Ball, location: 2F 0-2: Foul Ball, location: 2F 0-2: Ball 1-2: Ball 2-2: Ball 3-2: Foul Ball, location: 2F 3-2: DOUBLE (Groundball, 3D, EV 101.9 MPH)
|
|
Batting: RHB Dan Becvar
|
0-0: Ball Freddy Troncoso steals 3rd base 1-0: Foul Ball, location: 2F 1-1: Ground out 1-3 (Groundball, 13S, EV 71.9 MPH)
|
|
Batting: RHB Steve Clark
|
0-0: Called Strike 0-1: Ball 1-1: Called Strike 1-2: Ball 2-2: Foul Ball, location: 2F 2-2: Ball 3-2: Strikes out looking
|
|
Batting: LHB Takuya Uchida
|
0-0: Called Strike 0-1: Ball 1-1: Ball 2-1: Foul Ball, location: 2F 2-2: Ball 3-2: Foul Ball, location: 2F 3-2: SINGLE (Groundball, 4D, EV 93.8 MPH) Freddy Troncoso scores
|
|
Batting: RHB Yaremka Rzhevsky
|
0-0: Called Strike 0-1: Ball 1-1: Ball 2-1: Called Strike 2-2: Ball 3-2: Foul Ball, location: 2F 3-2: Strikes out looking
|
| Top of the 1st over - 1 run, 2 hits, 0 errors, 1 left on base; Erie 1 - Corpus Christi 0 |
| BOTTOM OF THE 1ST |
|
Corpus Christi Hooks batting - Pitching for Erie SeaWolves : RHP John Harrell
|
|
Pitching: RHP John Harrell
|
|
|
Batting: RHB Antonio Gamez
|
0-0: Ground out 6-3 (Groundball, 56, EV 87.5 MPH)
|
|
Batting: LHB Dylan LaRose
|
0-0: Called Strike 0-1: Swinging Strike 0-2: Fly out, F5 (Flyball, 56D, EV 88.8 MPH)
|
|
Batting: LHB Doug Anderson
|
0-0: Called Strike 0-1: Ball 1-1: Foul Ball, location: 2F 1-2: Foul Ball, location: 2F 1-2: Foul Ball, location: 2F 1-2: SINGLE (Line Drive, 34, EV 100.6 MPH)
|
|
Batting: LHB Alexis Montoya
|
0-0: Ball 1-0: Fielders Choice at 2nd, 5-4 (Groundball, 56, EV 84.4 MPH)
|
| Bottom of the 1st over - 0 runs, 1 hit, 0 errors, 1 left on base; Erie 1 - Corpus Christi 0 |
| TOP OF THE 2ND |
|
Erie SeaWolves batting - Pitching for Corpus Christi Hooks : RHP Antonio Escobosa
|
|
Batting: RHB Mike Olsen
|
0-0: Swinging Strike 0-1: Foul Ball, location: 2F 0-2: Strikes out swinging
|
|
Batting: RHB Ken DiFerdinando
|
0-0: Called Strike 0-1: Called Strike 0-2: Ground out 1-3 (Groundball, 13S, EV 62.5 MPH)
|
|
Batting: RHB Vince Chipman
|
0-0: Swinging Strike 0-1: Ball 1-1: Ground out U3 (Groundball, 34S, EV 61.2 MPH)
|
| Top of the 2nd over - 0 runs, 0 hits, 0 errors, 0 left on base; Erie 1 - Corpus Christi 0 |
| BOTTOM OF THE 2ND |
|
Corpus Christi Hooks batting - Pitching for Erie SeaWolves : RHP John Harrell
|
|
Batting: RHB Pete Isley
|
0-0: Ball 1-0: Called Strike 1-1: Ball 2-1: Ball 3-1: Ground out 5-3 (Groundball, 5, EV 80.6 MPH)
|
|
Batting: SHB Malik Whitted
|
0-0: Ball 1-0: Fly out, F8 (Flyball, 78M, EV 77.5 MPH)
|
|
Batting: RHB Jamie Jennings
|
0-0: Ball 1-0: Foul Ball, location: 2F 1-1: Ball 2-1: Fly out, F7 (Flyball, 78S, EV 80.0 MPH)
|
| Bottom of the 2nd over - 0 runs, 0 hits, 0 errors, 0 left on base; Erie 1 - Corpus Christi 0 |
| TOP OF THE 3RD |
|
Erie SeaWolves batting - Pitching for Corpus Christi Hooks : RHP Antonio Escobosa
|
|
Batting: LHB Adam Lancaster
|
0-0: Ball 1-0: Foul Ball, location: 2F 1-1: Ground out 4-3 (Groundball, 4, EV 78.8 MPH)
|
|
Batting: LHB Freddy Troncoso
|
0-0: Ball 1-0: Foul Ball, location: 2F 1-1: Foul Ball, location: 2F 1-2: Ball 2-2: Strikes out looking
|
|
Batting: RHB Dan Becvar
|
0-0: Bunt missed! 0-1: TRIPLE (Line Drive, 78XD, EV 100.0 MPH)
|
|
Batting: RHB Steve Clark
|
0-0: Called Strike 0-1: Ball 1-1: Ground out U3 (Groundball, 34, EV 88.8 MPH)
|
| Top of the 3rd over - 0 runs, 1 hit, 0 errors, 1 left on base; Erie 1 - Corpus Christi 0 |
| BOTTOM OF THE 3RD |
|
Corpus Christi Hooks batting - Pitching for Erie SeaWolves : RHP John Harrell
|
|
Batting: RHB Jordan Williams
|
0-0: Ball 1-0: Ball 2-0: Called Strike 2-1: Ball 3-1: Foul Ball, location: 2F 3-2: Strikes out looking
|
|
Batting: SHB Salvador Gomez
|
0-0: Fly out, F7 (Flyball, 7, EV 95.6 MPH)
|
|
Batting: RHB Antonio Gamez
|
0-0: Fly out, F5 (Line Drive, 5, EV 64.4 MPH)
|
| Bottom of the 3rd over - 0 runs, 0 hits, 0 errors, 0 left on base; Erie 1 - Corpus Christi 0 |
| TOP OF THE 4TH |
|
Erie SeaWolves batting - Pitching for Corpus Christi Hooks : RHP Antonio Escobosa
|
|
Batting: LHB Takuya Uchida
|
0-0: Ball 1-0: Called Strike 1-1: Called Strike 1-2: Strikes out swinging
|
|
Batting: RHB Yaremka Rzhevsky
|
0-0: Fly out, F9 (Flyball, 9D, EV 93.1 MPH)
|
|
Batting: RHB Mike Olsen
|
0-0: Foul Ball, location: 2F 0-1: Foul Ball, location: 2F 0-2: Strikes out looking
|
| Top of the 4th over - 0 runs, 0 hits, 0 errors, 0 left on base; Erie 1 - Corpus Christi 0 |
| BOTTOM OF THE 4TH |
|
Corpus Christi Hooks batting - Pitching for Erie SeaWolves : RHP John Harrell
|
|
Batting: LHB Dylan LaRose
|
0-0: Fly out, F1 (Popup, 15, EV 76.9 MPH)
|
|
Batting: LHB Doug Anderson
|
0-0: Ball 1-0: Fly out, F9 (Flyball, 9LM, EV 88.8 MPH)
|
|
Batting: LHB Alexis Montoya
|
0-0: Ground out 3-1 (Groundball, 3D, EV 87.5 MPH)
|
| Bottom of the 4th over - 0 runs, 0 hits, 0 errors, 0 left on base; Erie 1 - Corpus Christi 0 |
| TOP OF THE 5TH |
|
Erie SeaWolves batting - Pitching for Corpus Christi Hooks : RHP Antonio Escobosa
|
|
Batting: RHB Ken DiFerdinando
|
0-0: Called Strike 0-1: Swinging Strike 0-2: Ball 1-2: Ball 2-2: Foul Ball, location: 2F 2-2: Foul Ball, location: 2F 2-2: Strikes out looking
|
|
Batting: RHB Vince Chipman
|
0-0: Foul Ball, location: 2F 0-1: Ball 1-1: Foul Ball, location: 2F 1-2: Strikes out swinging
|
|
Batting: LHB Adam Lancaster
|
0-0: Ball 1-0: Ball 2-0: Fly out, F6 (Popup, 6, EV 76.2 MPH)
|
| Top of the 5th over - 0 runs, 0 hits, 0 errors, 0 left on base; Erie 1 - Corpus Christi 0 |
| BOTTOM OF THE 5TH |
|
Corpus Christi Hooks batting - Pitching for Erie SeaWolves : RHP John Harrell
|
|
Batting: RHB Pete Isley
|
0-0: Ball 1-0: Foul Ball, location: 2F 1-1: Ball 2-1: Swinging Strike 2-2: Ball 3-2: Foul Ball, location: 2F 3-2: Foul Ball, location: 2F 3-2: Ground out 6-3 (Groundball, 6, EV 81.2 MPH)
|
|
Batting: SHB Malik Whitted
|
0-0: Fly out, F7 (Flyball, 7D, EV 92.5 MPH)
|
|
Batting: RHB Jamie Jennings
|
0-0: Called Strike 0-1: Foul Ball, location: 2F 0-2: Strikes out looking
|
| Bottom of the 5th over - 0 runs, 0 hits, 0 errors, 0 left on base; Erie 1 - Corpus Christi 0 |
| TOP OF THE 6TH |
|
Erie SeaWolves batting - Pitching for Corpus Christi Hooks : RHP Antonio Escobosa
|
|
Batting: LHB Freddy Troncoso
|
0-0: Called Strike 0-1: Foul Ball, location: 2F 0-2: SINGLE (Line Drive, 89S, EV 104.4 MPH)
|
|
Batting: RHB Dan Becvar
|
0-0: Fly out, F8 (Flyball, 78S, EV 82.5 MPH)
|
|
Batting: RHB Steve Clark
|
0-0: Ball Freddy Troncoso is caught stealing 2nd base 2-4 1-0: Called Strike 1-1: Fly out, F9 (Line Drive, 9, EV 85.6 MPH)
|
| Top of the 6th over - 0 runs, 1 hit, 0 errors, 0 left on base; Erie 1 - Corpus Christi 0 |
| BOTTOM OF THE 6TH |
|
Corpus Christi Hooks batting - Pitching for Erie SeaWolves : RHP John Harrell
|
|
Batting: RHB Jordan Williams
|
0-0: Called Strike 0-1: Ground out 6-3 (Groundball, 6, EV 84.4 MPH)
|
|
Batting: SHB Salvador Gomez
|
0-0: Ground out 1-3 (Groundball, 15S, EV 71.2 MPH)
|
|
Batting: RHB Antonio Gamez
|
0-0: Called Strike 0-1: Ball 1-1: Called Strike 1-2: Ground out 5-3 (Groundball, 56, EV 82.5 MPH)
|
| Bottom of the 6th over - 0 runs, 0 hits, 0 errors, 0 left on base; Erie 1 - Corpus Christi 0 |
| TOP OF THE 7TH |
|
Erie SeaWolves batting - Pitching for Corpus Christi Hooks : RHP Antonio Escobosa
|
|
Batting: LHB Takuya Uchida
|
0-0: Called Strike 0-1: Ball 1-1: Foul Ball, location: 2F 1-2: Ball 2-2: Foul Ball, location: 2F 2-2: Ball 3-2: Foul Ball, location: 2F 3-2: Foul Ball, location: 2F 3-2: Foul Ball, location: 2F 3-2: Ground out U3 (Groundball, 3L, EV 103.1 MPH)
|
|
Pitching: RHP Alexander Hagan
|
|
|
Batting: RHB Yaremka Rzhevsky
|
0-0: Called Strike 0-1: Ball 1-1: Ball 2-1: Ball 3-1: TRIPLE (Flyball, 89XD, EV 106.9 MPH)
|
|
Batting: RHB Mike Olsen
|
0-0: Ball 1-0: Called Strike 1-1: Foul Ball, location: 2F 1-2: Strikes out looking
|
|
Batting: RHB Ken DiFerdinando
|
0-0: Swinging Strike 0-1: Ball 1-1: Swinging Strike 1-2: Ball 2-2: Foul Ball, location: 2F 2-2: SINGLE (Groundball, 6M, EV 111.2 MPH) (infield hit) Yaremka Rzhevsky scores
|
|
Batting: RHB Vince Chipman
|
0-0: Ball 1-0: Called Strike 1-1: Foul Ball, location: 2F 1-2: Ball 2-2: SINGLE (Groundball, 56D, EV 96.2 MPH) Ken DiFerdinando to second Runner from 2nd tries for 3rd, SAFE, throw by LF made to third
|
|
Batting: LHB Adam Lancaster
|
0-0: Called Strike 0-1: Ball 1-1: Called Strike 1-2: Fielders Choice at 2nd, U4 (Groundball, 4M, EV 85.0 MPH)
|
| Top of the 7th over - 1 run, 3 hits, 0 errors, 2 left on base; Erie 2 - Corpus Christi 0 |
| BOTTOM OF THE 7TH |
|
Corpus Christi Hooks batting - Pitching for Erie SeaWolves : RHP John Harrell
|
|
Batting: LHB Dylan LaRose
|
0-0: Ball 1-0: Ball 2-0: Foul Ball, location: 2F 2-1: Ground out U3 (Groundball, 3, EV 100.6 MPH)
|
|
Batting: LHB Doug Anderson
|
0-0: Ball 1-0: Ball 2-0: Called Strike 2-1: Ball 3-1: Foul Ball, location: 2F 3-2: Foul Ball, location: 2F 3-2: Base on Balls
|
|
Batting: LHB Alexis Montoya
|
0-0: Foul Ball, location: 2F 0-1: Ball 1-1: Called Strike 1-2: Ball 2-2: Foul Ball, location: 2F 2-2: Foul Ball, location: 2F 2-2: Foul Ball, location: 2F 2-2: Foul Ball, location: 2F 2-2: Foul Ball, location: 2F 2-2: Foul Ball, location: 2F 2-2: 2-RUN HOME RUN (Line Drive, 9D, EV 98.8 MPH), Distance : 375 ft
|
|
Batting: RHB Pete Isley
|
0-0: Ball 1-0: Foul Ball, location: 2F 1-1: Ball 2-1: Ball 3-1: SOLO HOME RUN (Flyball, 78XD, EV 97.5 MPH), Distance : 389 ft
|
|
Batting: SHB Malik Whitted
|
0-0: Ball 1-0: Called Strike 1-1: Ball 2-1: Ball 3-1: Base on Balls
|
|
Batting: RHB Jamie Jennings
|
0-0: Ball 1-0: SINGLE (Groundball, 56, EV 98.8 MPH) Malik Whitted to second
|
|
Batting: RHB Jordan Williams
|
0-0: Fly out, F8 (Line Drive, 8RM, EV 111.2 MPH)
|
|
Batting: SHB Salvador Gomez
|
0-0: Ball 1-0: Ball 2-0: Called Strike 2-1: Fielders Choice at 2nd, 6-4 (Groundball, 6, EV 98.8 MPH)
|
| Bottom of the 7th over - 3 runs, 3 hits, 0 errors, 2 left on base; Erie 2 - Corpus Christi 3 |
| TOP OF THE 8TH |
|
Erie SeaWolves batting - Pitching for Corpus Christi Hooks : RHP Alexander Hagan
|
|
Pitching: RHP Ray Leuthauser
|
|
|
Batting: LHB Freddy Troncoso
|
0-0: Ball 1-0: Ground out 4-3 (Groundball, 4, EV 105.0 MPH)
|
|
Batting: RHB Dan Becvar
|
0-0: Ball 1-0: Called Strike 1-1: Swinging Strike 1-2: Foul Ball, location: 2F 1-2: Ground out 6-3 (Groundball, 6M, EV 85.0 MPH)
|
|
Batting: RHB Steve Clark
|
0-0: Called Strike 0-1: Called Strike 0-2: Ball 1-2: Ball 2-2: Ground out 4-3 (Groundball, 4, EV 91.2 MPH)
|
| Top of the 8th over - 0 runs, 0 hits, 0 errors, 0 left on base; Erie 2 - Corpus Christi 3 |
| BOTTOM OF THE 8TH |
|
Corpus Christi Hooks batting - Pitching for Erie SeaWolves : RHP John Harrell
|
|
Pitching: RHP Juan Cornejo
|
|
|
Batting: RHB Antonio Gamez
|
0-0: Called Strike 0-1: Ball 1-1: Called Strike 1-2: Ball 2-2: Strikes out swinging
|
|
Batting: LHB Dylan LaRose
|
0-0: Ball 1-0: Ball 2-0: Hit by Pitch
|
|
Batting: LHB Doug Anderson
|
0-0: Ball Dylan LaRose steals 2nd base 1-0: Ball 2-0: Ball 3-0: Called Strike 3-1: Swinging Strike 3-2: Ground out 4-3 (Groundball, 4D, EV 102.5 MPH) Dylan LaRose to third
|
|
Batting: LHB Alexis Montoya
|
0-0: Called Strike 0-1: Swinging Strike 0-2: Strikes out swinging
|
| Bottom of the 8th over - 0 runs, 0 hits, 0 errors, 1 left on base; Erie 2 - Corpus Christi 3 |
| TOP OF THE 9TH |
|
Erie SeaWolves batting - Pitching for Corpus Christi Hooks : RHP Ray Leuthauser
|
|
Pitching: LHP Chad Dominey
|
|
|
Pinch Hitting: RHB Dusty Newman
|
0-0: Called Strike 0-1: Ball 1-1: Fly out, F6 (Line Drive, 6, EV 76.2 MPH)
|
|
Batting: RHB Yaremka Rzhevsky
|
0-0: Called Strike 0-1: Ground out 5-3 (Groundball, 5L, EV 100.6 MPH)
|
|
Batting: RHB Mike Olsen
|
0-0: Called Strike 0-1: Foul Ball, location: 2F 0-2: Ball 1-2: Strikes out looking
|
| Top of the 9th over - 0 runs, 0 hits, 0 errors, 0 left on base; Erie 2 - Corpus Christi 3 |
|